Map: Para Site LE

Players

HeroMarine - Winner!

  • Race: Terran Terran
  • Spawn Location: 11:00

TRUE

  • Race: Zerg Zerg
  • Spawn Location: 5:00

Event: WCS Montreal 2018

VOD

Have the link to the VOD?

Description

Time

  • Played on: Sept. 7, 2018, 8:15 p.m.
  • Length: 13:51

All games in this series

Show
View Real Time Build Order
Export as new Build Order

HeroMarine Terran - Winner!

Build Orders: Liberator Opening 

Get SALT Encoding   

  12  0:00  SCV  
  13  0:13  SCV  
  14  0:17  Supply Depot  
  14  0:25  SCV  
  15  0:38  SCV  
  15  0:39  Barracks  
  16  0:44  Refinery  
  16  0:50  SCV  
  17  1:02  SCV  
  18  1:14  SCV  
  19  1:26  Marine  
  19  1:27  Orbital Command  
  20  1:40  Command Center  
  20  1:51  Factory  
  20  1:54  SCV  
  21  2:03  Barracks Reactor  
  21  2:06  SCV  
  22  2:12  Refinery  
  22  2:13  Supply Depot  
  22  2:18  SCV  
  23  2:35  SCV  
  24  2:39  Starport  
  24  2:43  Hellion x2  
  28  2:47  SCV  
  29  2:53  Orbital Command  
  29  2:59  SCV  
  29  3:04  Hellion  
  32  3:07  Hellion  
  32  3:11  SCV  
  32  3:12  Marine  
  36  3:16  Medivac  
  39  3:20  SCV  
  39  3:23  SCV  
  40  3:28  Supply Depot  
  40  3:30  Hellion  
  40  3:32  Liberator  
  42  3:36  Hellion  
  42  3:40  SCV x2  
  46  3:53  Supply Depot  
  46  3:54  SCV x2  
  51  4:00  Barracks Tech Lab  
  51  4:01  Hellion  
  53  4:10  SCV  
  53  4:15  SCV, Hellion  
  55  4:22  SCV, Hellion  
  56  4:27  SCV  
  53  4:32  Supply Depot  
  53  4:33  Starport Tech Lab  
  53  4:34  SCV  
  54  4:39  SCV  
  54  4:45  Command Center  
  51  4:46  SCV  
  51  4:49  Marine x2  
  51  4:50  Siege Tank  
  51  4:51  SCV  
  58  4:53  Armory  
  58  4:55  Cloaking Field  
  58  5:01  SCV  
  58  5:03  Banshee, SCV  
  63  5:13  SCV  
  61  5:14  Marine x2  
  61  5:15  SCV  
  61  5:18  Command Center  
  64  5:22  Siege Tank  
  64  5:26  Supply Depot  
  67  5:30  SCV  
  67  5:31  SCV  
  67  5:32  Refinery  
  67  5:33  Marine, Refinery  
  70  5:41  Bunker  
  70  5:43  Marine  
  70  5:44  SCV x2  
  70  5:46  Banshee  
  74  5:51  Marine  
  74  5:56  SCV x2  
  74  5:57  Bunker  
  76  5:58  Orbital Command  
  76  6:01  Marine  
  75  6:08  SCV x2, Supply Depot  
  75  6:09  Marine  
  65  6:19  Marine  
  65  6:20  SCV x2  
  65  6:24  SCV  
  57  6:27  Marine  
  57  6:32  SCV  
  59  6:34  Siege Tank  
  59  6:38  SCV x2  
  64  6:40  Marine  
  64  6:45  SCV  
  64  6:46  Bunker  
  66  6:50  SCV, Marine  
  68  6:56  Bunker  
  68  6:57  SCV  
  68  6:58  Marine  
  70  7:08  Siege Tank, Marine  
  58  7:10  SCV x2  
  51  7:16  SCV, Marine  
  52  7:22  SCV  
  52  7:25  Marine  
  52  7:29  SCV x2  
  55  7:34  Marine  
  55  7:35  SCV  
  57  7:41  SCV x2  
  57  7:47  SCV  
  58  7:53  SCV x2  
  58  7:54  Marine  
  58  7:56  Marine  
  62  7:58  Siege Tank  
  62  7:59  SCV  
  62  8:05  Engineering Bay, SCV x2  
  63  8:10  Barracks  
  63  8:11  SCV  
  63  8:12  Banshee  
  67  8:17  SCV x2  
  69  8:23  SCV  
  70  8:29  SCV x2  
  70  8:32  Engineering Bay, Barracks  
  72  8:34  Terran Infantry Weapons Level 1  
  72  8:35  SCV  
  73  8:41  SCV x2  
  73  8:47  SCV  
  76  8:53  SCV x2  
  76  8:54  Factory Tech Lab  
  77  8:59  SCV  
  77  9:00  Marauder, Stimpack  
  77  9:02  Barracks  
  80  9:04  Barracks  
  80  9:05  SCV  
  80  9:06  SCV  
  78  9:11  SCV  
  78  9:16  Marine  
  77  9:18  SCV x2  
  77  9:22  Marauder  
  77  9:23  SCV  
  81  9:28  Barracks Tech Lab  
  81  9:29  Orbital Command  
  81  9:30  SCV  
  79  9:36  SCV, Refinery, Marine x2  
  82  9:42  SCV  
  82  9:43  Marauder  
  85  9:48  SCV, Siege Tank  
  85  9:51  Starport Reactor, Terran Infantry Armor Level 1, Barracks Reactor, Combat Shields  
  89  9:53  Marauder  
  89  9:54  SCV  
  89  9:55  SCV, Supply Depot  
  93  10:00  SCV  
  93  10:05  Marauder  
  93  10:06  SCV  
  97  10:07  SCV  
  97  10:08  Barracks Reactor  
  97  10:09  Marine x2  
  97  10:12  SCV  
  101  10:17  Marauder  
  101  10:18  SCV  
  101  10:19  SCV  
  105  10:23  Supply Depot  
  105  10:24  SCV, Supply Depot  
  105  10:25  Supply Depot  
  105  10:26  Marauder  
  108  10:29  Marine  
  108  10:33  Medivac x2, Marine x2  
  108  10:34  SCV x2  
  117  10:44  SCV, Marine  
  117  10:45  Marauder, Supply Depot  
  117  10:46  SCV  
  117  10:47  Marauder, Marine  
  117  10:48  Siege Tank  
  129  10:51  Refinery, Marine  
  129  10:52  Marine, Refinery  
  129  10:56  SCV  
  132  10:58  SCV  
  132  10:59  Supply Depot  
  132  11:00  Marine x2  
  132  11:02  Supply Depot  
  137  11:06  Marauder  
  137  11:07  Marine  
  142  11:13  Supply Depot  
  142  11:14  Marauder, SCV x2  
  142  11:15  Marine  
  147  11:18  Terran Infantry Weapons Level 2  
  147  11:19  Marine  
  147  11:23  Marine x2  
  147  11:24  Marine  
  150  11:25  Marine  
  147  11:37  Marauder  
  147  11:38  Marine x3  
  152  11:40  Thor  
  152  11:41  Marine  
  152  11:43  Missile Turret x2  
  159  11:48  Marine x2  
  159  11:52  Starport Reactor  
  161  11:56  Marine x2  
  161  11:57  Marauder  
  161  12:03  Marine x3  
  161  12:06  Marine  
  161  12:08  Marine  
  160  12:14  Marine x2  
  163  12:18  Marine  
  163  12:20  Marine  
  163  12:21  Marine x2  
  162  12:24  Marine  
  162  12:26  Marine  
  159  12:31  Siege Tank  
  159  12:32  Marine x2  
  159  12:36  Marauder  
  163  12:38  Marine  
  163  12:39  Marine x2  
  163  12:42  SCV x2, Marine  
  144  12:52  Marine x2  
  144  12:54  Marine  
  144  12:56  Marine x2  
  144  12:57  Marauder, Marine  
  133  12:58  Medivac  
  133  12:59  Medivac  
  133  13:01  Marine  
  133  13:05  SCV x2  
  133  13:06  SCV  
  133  13:09  Marine  
  133  13:10  Marine  
  133  13:11  Marine  
  133  13:12  Siege Tank  
  132  13:14  Marine x2  
  132  13:15  Marauder  
  130  13:21  Marine x2  
  128  13:27  Marine x2  
  128  13:29  Marine  
  128  13:32  Marine x2  
Show
View Real Time Build Order
Export as new Build Order

TRUE Zerg 

Build Orders: Hatch First 

Get SALT Encoding   

  12  0:00  Drone  
  13  0:12  Overlord  
  13  0:16  Drone  
  14  0:30  Drone x2  
  14  0:34  Drone  
  17  0:50  Hatchery  
  17  0:55  Drone  
  17  1:07  Spawning Pool  
  17  1:10  Drone  
  17  1:15  Extractor, Drone  
  17  1:18  Drone  
  18  1:27  Drone  
  19  1:39  Overlord  
  19  1:53  Queen  
  21  1:54  Zergling x2  
  21  2:00  Zergling x2  
  23  2:02  Queen  
  23  2:07  Drone  
  26  2:10  Drone  
  26  2:13  Drone  
  28  2:15  Metabolic Boost  
  28  2:21  Drone  
  29  2:25  Drone  
  29  2:29  Queen  
  32  2:32  Drone  
  32  2:35  Drone  
  34  2:42  Overlord  
  34  2:46  Drone  
  35  3:00  Drone x2, Hatchery  
  35  3:02  Drone x2  
  35  3:04  Drone  
  39  3:10  Queen  
  41  3:15  Overlord  
  41  3:21  Lair  
  41  3:22  Drone  
  41  3:25  Drone  
  43  3:27  Drone  
  43  3:33  Drone x3  
  47  3:40  Extractor, Roach Warren  
  45  3:43  Drone x2  
  45  3:45  Drone  
  45  3:47  Drone  
  49  3:52  Queen  
  51  3:57  Drone  
  51  3:58  Overlord  
  52  4:06  Overlord  
  52  4:07  Extractor, Overlord  
  49  4:11  Zergling x4  
  42  4:28  Drone x4  
  46  4:32  Drone x4  
  49  4:44  Nydus Network  
  48  4:50  Drone x2  
  48  4:51  Drone x3  
  48  4:52  Drone  
  54  4:53  Drone  
  54  4:59  Overlord  
  54  5:10  Roach x4  
  54  5:13  Roach  
  62  5:18  Roach x2  
  66  5:21  Nydus Canal  
  66  5:26  Roach x2  
  70  5:29  Roach  
  70  5:31  Roach  
  70  5:34  Roach  
  76  5:40  Roach x2  
  76  5:42  Roach  
  80  5:44  Roach  
  81  5:55  Zergling x2, Ravager  
  81  5:56  Zergling x10  
  86  6:04  Ravager  
  86  6:07  Spore Crawler, Ravager  
  86  6:08  Zergling x4  
  85  6:14  Zergling x6  
  75  6:31  Overseer  
  67  6:35  Queen x2  
  71  6:43  Ravager  
  72  6:50  Ravager  
  72  6:54  Zergling x4  
  72  6:55  Zergling x8  
  72  6:56  Zergling x2  
  72  6:59  Zergling x2  
  80  7:04  Zergling x2  
  80  7:07  Zergling x2  
  66  7:09  Zergling x2  
  66  7:13  Zergling x2  
  45  7:42  Drone x4  
  45  7:43  Drone x3  
  52  7:44  Drone  
  52  7:48  Drone  
  54  7:53  Drone  
  54  7:58  Overseer  
  55  8:01  Drone  
  55  8:03  Drone  
  57  8:09  Drone  
  57  8:10  Drone  
  59  8:16  Drone  
  59  8:17  Drone  
  61  8:20  Drone  
  61  8:21  Drone  
  61  8:25  Drone  
  61  8:26  Drone  
  65  8:27  Drone  
  65  8:31  Drone x2  
  65  8:33  Drone  
  69  8:35  Drone  
  69  8:37  Drone  
  69  8:39  Drone  
  72  8:42  Overlord  
  72  8:45  Drone x2  
  74  8:50  Drone, Overlord  
  74  8:53  Drone  
  74  8:55  Overseer  
  76  8:57  Ravager, Overlord  
  76  8:58  Drone  
  76  9:00  Drone x2  
  80  9:03  Drone  
  80  9:04  Drone  
  79  9:13  Drone x2  
  79  9:14  Drone  
  79  9:15  Drone x2  
  82  9:26  Drone x3  
  82  9:28  Drone  
  84  9:35  Spire  
  84  9:36  Drone x2  
  84  9:37  Extractor, Evolution Chamber  
  84  9:38  Evolution Chamber  
  82  9:39  Drone  
  82  9:41  Extractor, Drone  
  82  9:43  Extractor  
  82  9:46  Drone  
  82  9:48  Queen  
  82  9:50  Drone  
  82  9:51  Drone  
  82  9:52  Hatchery  
  86  9:59  Drone  
  87  10:00  Drone x2  
  87  10:01  Drone x2  
  87  10:02  Drone x3  
  87  10:03  Drone  
  95  10:10  Zerg Ground Armor Level 1  
  95  10:11  Zerg Melee Weapons Level 1  
  95  10:13  Zergling x8  
  98  10:15  Zergling x2  
  98  10:16  Zergling x2  
  100  10:22  Zergling x2  
  100  10:26  Zergling x4  
  103  10:28  Queen  
  103  10:31  Overlord  
  103  10:33  Zergling x6  
  103  10:34  Zergling x4  
  110  10:35  Zergling x2  
  110  10:37  Zergling x2  
  110  10:39  Overlord  
  110  10:41  Overlord  
  112  10:49  Overlord x3  
  112  10:56  Overlord  
  112  11:00  Mutalisk x6  
  112  11:02  Mutalisk  
  125  11:05  Mutalisk  
  125  11:08  Mutalisk  
  125  11:10  Mutalisk  
  131  11:15  Zergling x10  
  136  11:18  Mutalisk  
  136  11:21  Zergling x4  
  136  11:22  Zergling x2  
  141  11:27  Zergling x4  
  141  11:28  Zergling x6  
  141  11:29  Zergling x4  
  141  11:30  Zergling x2  
  149  11:33  Zergling x2  
  149  11:37  Zergling x2  
  149  11:38  Zergling x2  
  149  11:39  Zergling x2  
  152  11:43  Zergling x2  
  152  11:44  Zergling x2  
  152  11:46  Baneling Nest  
  153  11:50  Zergling x2  
  153  11:51  Zergling x2  
  155  11:55  Zergling x2  
  140  12:01  Mutalisk  
  140  12:02  Mutalisk x3, Hatchery  
  140  12:03  Zergling x6  
  140  12:06  Zergling x2  
  140  12:08  Zergling x2  
  146  12:14  Zergling x10  
  146  12:22  Zergling x2  
  141  12:30  Baneling x13  
  141  12:31  Baneling x4  
  141  12:32  Zergling x8  
  141  12:34  Zergling x2  
  141  12:35  Zergling x2  
  141  12:36  Zergling x6  
  150  12:37  Zergling x2  
  150  12:38  Zergling x2  
  150  12:39  Zergling x2  
  150  12:41  Zergling x2  
  150  12:43  Zergling x2  
  146  12:46  Zergling x2  
  133  12:55  Zergling x2  
  133  12:56  Zergling x2  
  133  12:57  Zergling x2  
  111  13:01  Mutalisk x2  
  107  13:06  Mutalisk  
  107  13:07  Mutalisk x2  
  107  13:08  Mutalisk x2  
  107  13:09  Mutalisk  
  107  13:10  Mutalisk  
  108  13:13  Zergling x2  
  108  13:14  Zergling x4  
  108  13:18  Mutalisk  
  108  13:19  Zergling x2  
  101  13:26  Zergling x4  
  94  13:27  Drone x2  
Tags
 
Add a new tag
Caveats
  • Supply blocks, unpowered buildings, or Contaminate may cause inaccurate times.
  • Supply counts are checked every 10 seconds.